 Dungeon Crawl Stone Soup version 0.28-a0-726-g4a9143789a (webtiles) character file.

Game seed: 11553360295181625847

497 lunkers the Magician (level 7, -2/54 HPs)
             Began as a Djinni Cinder Acolyte on Oct 27, 2021.
             Was a High Priest of Ignis.
             Slain by a scorpion (7 damage)
             ... on level 4 of the Dungeon.
             The game lasted 00:08:02 (5599 turns).

lunkers the Magician (Djinni Cinder Acolyte)        Turns: 5599, Time: 00:08:03

Health: -2/54      AC:  2    Str: 13    XL:     7   Next: 39%
Gold:   106        EV: 11    Int: 17    God:    Ignis [*****.] SH:  0 Dex:  9

rFire   + + +      SeeInvis .   j - +0 short sword (freeze)
rCold   . . .      Faith    .   (no shield)
rNeg    . . .      Spirit   .   b - +0 robe
rPois   ∞          Reflect  .   (no helmet)
rElec   .          Harm     .   (no cloak)
rCorr   .          Rampage  .   (no gloves)
Will    .....                   (boots unavailable)
Stlth   +.........              (no amulet)
HPRegen 0.18/turn               d - ring "Xepy" {+Blink rC+}
MPRegen 0.00/turn               (no ring)

@: flying
A: sickness immunity, fire resistance 2, cold vulnerability 1, float, innate
caster, hp casting, extra vitality 1
a: Renounce Religion, Evoke Blink, Sea of Fire, Foxfire Swarm, Rising Flame


You were on level 4 of the Dungeon.
You worshipped Ignis.
Ignis was extremely pleased with you.
You visited 1 branch of the dungeon, and saw 5 of its levels.

You collected 106 gold pieces.

Inventory:

Hand Weapons
 a - a -1 falchion of flaming
 j - a +0 short sword of freezing (weapon)
Armour
 b - a +0 robe (worn)
Magical Staves
 c - a staff of cold
Jewellery
 d - the ring "Xepy" (left hand) {+Blink rC+}
   (You acquired it on level 1 of the Dungeon)

   [ring of protection from cold]

   rC:        It protects you from cold.
   +Blink:    It lets you blink.
Wands
 f - a wand of flame (18)
Scrolls
 e - a scroll of immolation {unknown}
 h - 4 scrolls of teleportation
Potions
 g - a potion of might
 i - a potion of ambrosia
 k - a potion of flight {unknown}
 l - 2 potions of curing {unknown}
 m - a potion of resistance {unknown}


   Skills:
 + Level 5.1 Fighting
 - Level 2.6 Long Blades
 * Level 5.1 Spellcasting


You had 9 spell levels left.
You knew the following spells:

 Your Spells              Type           Power      Damage    Failure   Level
a - Animate Skeleton      Necr           44%        N/A       1%          1
b - Searing Ray           Conj           44%        2d6       2%          2
c - Call Imp              Summ           22%        N/A       2%          2
p - Scorch                Fire           44%        2d7       2%          2
Your spell library was empty.

Dungeon Overview and Level Annotations

Branches:
Dungeon (5/15)
 Temple: D:4-7

Altars:


Innate Abilities, Weirdness & Mutations

You are immune to sickness and miasma.
You are immune to poison.
Your flesh is very heat resistant. (rF++)
You are vulnerable to cold. (rC-)
You float through the air rather than walking.
You learn spells naturally, not from books.
Your magical power is your life essence.
You have superior vitality. (+4 HP)


Message History

The scorpion stings you.
There is a stone staircase leading up here.
The bullfrog skeleton is no longer more vulnerable to fire.
The bullfrog skeleton hits you. The scorpion misses you.
The orc priest hits you with a +0 flail!
You fly upwards.
There is a stone staircase leading down here.
Casting: Scorch (safe; 2% risk of failure)
Press: ? - help, Q - select action, (/) - cycle Dir - look around, f - activate Flames lash the orc priest.
The orc priest is moderately wounded.
The orc priest's fire resistance burns away.
The scorpion stings you.
* * * LOW HITPOINT WARNING * * *
The orc priest barely misses you.
Casting: Scorch (safe; 2% risk of failure)
Press: ? - help, Q - select action, (/) - cycle Dir - look around, f - activate Flames lash the scorpion.
The scorpion is moderately wounded.
The scorpion's fire resistance burns away.
* * * LOW HITPOINT WARNING * * *
The scorpion stings you.
* * * LOW HITPOINT WARNING * * *
The orc priest hits you with a +0 flail!
* * * LOW HITPOINT WARNING * * *
Casting: Scorch (safe; 2% risk of failure)
Press: ? - help, Q - select action, (/) - cycle Dir - look around, f - activate Flames lash the orc priest.
The orc priest is burned terribly!
The orc priest is heavily wounded.
* * * LOW HITPOINT WARNING * * *
The scorpion barely misses you.
The orc priest hits you with a +0 flail.
* * * LOW HITPOINT WARNING * * *
Casting: Scorch (safe; 2% risk of failure)
Press: ? - help, Q - select action, (/) - cycle Dir - look around, f - activate Flames lash the orc priest.
The orc priest is burned terribly!
You kill the orc priest!
* * * LOW HITPOINT WARNING * * *
The scorpion stings you!
You die...

########## #########
#........# #.......#
#.######.# #.#####.# #.#
#.# #.# #.#
#.######.#########.###
#.#
###.........)@s........#
#.#
#.......##...#######.#.#
#.# #.#..##.#.....#
#.#.###.#
#.#..........##
#.......#
###.##.##.###.##
###.##### #......##.#
#.# #.# #.#.#####.# #.#
#.# #.#.# #.###+## #.#
#.#.#####.##...## #.#


You could see a scorpion (combustible).

Vanquished Creatures
  Sigmund (D:3)
  A necrophage (D:4)
  An orc priest (D:4)
  A jelly (D:4)
  Terence (D:2)
  An orc wizard (D:5)
  Robin (D:2)
  4 gnolls (D:4)
  4 adders
  2 worms
  3 dart slugs
  5 endoplasms
  2 giant cockroaches
  13 hobgoblins
  10 kobolds
  A quokka (D:1)
  2 ball pythons (D:2)
  7 bats
  2 frilled lizards
  14 goblins
  3 rats
  A spectral goblin (D:1)
80 creatures vanquished.

Vanquished Creatures (others)
  10 fungi (D:4)
10 creatures vanquished.

Grand Total: 90 creatures vanquished

Notes
Turn   | Place    | Note
-------+----------+-------------------------------------------
     0 | D:1      | lunkers the Djinni Cinder Acolyte began the quest for the
                  | Orb.
     0 | D:1      | Reached XP level 1. HP: 20/20 MP: 0/0
   155 | D:1      | Reached XP level 2. HP: 11/25 MP: 0/0
   413 | D:1      | You are sucked into a shaft and drop 1 floor!
   537 | D:2      | Noticed Terence
   576 | D:1      | Reached XP level 3. HP: 28/30 MP: 0/0
   576 | D:1      | Learned a level 1 spell: Animate Skeleton
   811 | D:1      | Found a faded altar of an unknown god.
  1586 | D:2      | Noticed Robin
  1613 | D:2      | Killed Robin
  1614 | D:2      | Reached XP level 4. HP: 22/36 MP: 0/0
  1663 | D:1      | Identified a scroll of acquirement
  1663 | D:1      | Acquired the ring "Xepy" {+Blink rC+}
  1795 | D:2      | Killed Terence
  1935 | D:2      | Reached XP level 5. HP: 22/41 MP: 0/0
  1935 | D:2      | Learned a level 2 spell: Searing Ray
  2253 | D:2      | You are sucked into a shaft and drop 2 floors!
  2548 | D:3      | Noticed Sigmund
  2563 | D:3      | Killed Sigmund
  2564 | D:3      | Reached XP level 6. HP: 20/48 MP: 0/0
  4571 | D:4      | Noticed a necrophage
  4576 | D:4      | Killed a necrophage
  4577 | D:4      | Reached skill level 5 in Spellcasting
  4577 | D:4      | Reached XP level 7. HP: 36/53 MP: 0/0
  4577 | D:4      | Learned a level 2 spell: Call Imp
  4831 | D:4      | Reached skill level 5 in Fighting
  5360 | D:5      | Entered Level 5 of the Dungeon
  5599 | D:4      | Slain by a scorpion

Illustrated notes

Levels and vault maps discovered:
D:1:      lightli_arrival_lavapool, layout_basic,
          dreamdust_ecumenical_altar_drowned_temple, hex_intersection
D:2:      layout_basic, minivault_26, uniq_robin, uniq_terence
D:3:      layout_basic, eino_curves_01, uniq_sigmund
D:4:      layout_loops_corners, serial_aquarium, aquarium_bridge_straight
          [aquarium_subvault_bridge, aquarium_subvault_window,
          aquarium_subvault_bridge, aquarium_subvault_window],
          aquarium_window_corner, aquarium_window_corner,
          aquarium_window_corridor_1, aquarium_view_2f, aquarium_pool_corner
D:5:      layout_rooms, uniq_blork_the_orc, uniq_edmund, uniq_crazy_yiuf_cottage

Skill      XL: |  1  2  3  4  5  6  7 |
---------------+----------------------+-----
Spellcasting   | 3 4 5 |  5.1
Fighting       | 4 5 |  5.1
Long Blades    | |  2.6

Action                   |  1- 3 |  4- 6 |  7- 9 || total
-------------------------+-------+-------+-------++-------
Melee: Staff             |    18 |       |       ||    18
       Falchion          |    10 |       |       ||    10
 Cast: Scorch            |    32 |    64 |    22 ||   118
       Searing Ray       |       |     1 |       ||     1
  Use: Scroll            |       |     7 |       ||     7
Armor: Robe              |    12 |     2 |     4 ||    18
Dodge: Dodged            |    30 |     6 |    13 ||    49

Table legend: (Time is in decaauts)
 A = Elapsed time spent in this place.
 B = Non-inter-level travel time spent in this place.
 C = Inter-level travel time spent in this place.
 D = Time resting spent in this place.
 E = Time spent auto-exploring this place.
 F = Levels seen in this place.
 G = Mean time per level.
                   A        B        C        D        E       F      G
               +--------+--------+--------+--------+--------+-----+--------+
         Total |   5606 |   5437 |    169 |    325 |   4521 |   5 | 1121.2 |
       Dungeon |   5606 |   5437 |    169 |    325 |   4521 |   5 | 1121.2 |
               +--------+--------+--------+--------+--------+-----+--------+

Top non-repeatable levels by time:
     D:4: 1680 daAuts
     D:2: 1338 daAuts
     D:1: 1307 daAuts
     D:3: 1259 daAuts
     D:5: 20 daAuts
